 Dungeon Crawl Stone Soup version 0.17-a0-1115-g0372368 (webtiles) character file.

171644 HeyJoe the Severer (level 17, -6/164 HPs)
             Began as a Deep Dwarf Berserker on May 22, 2015.
             Was the Champion of Trog.
             Killed from afar by a deep elf annihilator (27 damage)
             ... with a bolt of lightning
             ... on level 3 of the Elven Halls.
             The game lasted 03:32:26 (30719 turns).

HeyJoe the Severer (Deep Dwarf Berserker)          Turns: 30719, Time: 03:32:27

Health: -6/164     AC: 28    Str: 25    XL:     17   Next: 39%
Magic:  28/28      EV: 11    Int:  2    God:    Trog [******]
Gold:   4172       SH:  0    Dex: 11    Spells: 0 memorised, 16 levels left

rFire  + . .     SeeInvis +     a - +12 battleaxe "Luywk" {freeze, rF+ rN++ Int-5}
rCold  + . .     Clarity  +     O - +6 scale mail of the Nine Cities {rN+ Int-2 Dex+4}
rNeg   + + +     SustAt   .     (no shield)
rPois  .         Gourm    .     I - +0 helmet
rElec  .         Spirit   .     (no cloak)
rCorr  .         Warding  .     y - +0 pair of gloves {archery}
rMut   .         Stasis   .     T - +2 pair of boots
MR     ++++.                    P - amulet of clarity
Stlth  ..........               J - ring of Zyett {+Inv +Fly rC+ AC+4 Dex-5}
                                e - ring of see invisible

@: lethally poisoned (-6 -> -16), very slightly contaminated, non-regenerating,
hasted, invisible (expiring), very quick, incredibly resistant to hostile
enchantments, extremely unstealthy
A: damage resistance, recharge devices, negative energy resistance 1, sense
surroundings 2, slow healing 3, weak 1
a: Device Recharging, Burn Spellbooks, Berserk, Trog's Hand, Brothers in Arms,
Renounce Religion, Turn Visible, Evoke Flight


You were on level 3 of the Elven Halls.
You worshipped Trog.
Trog was exalted by your worship.
You were hungry.

You visited 6 branches of the dungeon, and saw 32 of its levels.
You also visited: Labyrinth, Trove, Ossuary and Volcano.

You collected 4644 gold pieces.
You spent 472 gold pieces at shops.

Inventory:

Hand weapons
 a - the +12 battleaxe "Luywk" (weapon) {freeze, rF+ rN++ Int-5}
   (You found it on level 8 of the Lair of Beasts)

   It has been specially enchanted to freeze those struck by it, causing extra
   injury to most foes and up to half again as much damage against particularly
   susceptible opponents.
   It can also slow down cold-blooded creatures.
   It affects your intelligence (-5).
   It protects you from fire.
   It greatly protects you from negative energy.
 b - a +6 executioner's axe of flaming
 p - a +0 vampiric war axe
 A - the +9 broad axe of Certain Death {drain, Int+3}
   (Trog gifted it to you on level 1 of the Elven Halls)

   A truly terrible weapon, it drains the life of those it strikes.
   It affects your intelligence (+3).
Armour
 y - a +0 pair of gloves of archery (worn)
 I - a +0 helmet (worn)
 O - the +6 scale mail of the Nine Cities (worn) {rN+ Int-2 Dex+4}
   (You found it on level 11 of the Dungeon)

   It affects your intelligence (-2).
   It affects your dexterity (+4).
   It protects you from negative energy.
 T - a +2 pair of boots (worn)
Jewellery
 e - a ring of see invisible (left hand)
 J - the ring of Zyett (right hand) {+Inv +Fly rC+ AC+4 Dex-5}
   (You found it in a treasure trove)

   [ring of protection]

   It affects your AC (+4).
   It affects your dexterity (-5).
   It protects you from cold.
   It lets you turn invisible.
   It lets you fly.
 P - an amulet of clarity (around neck)
Magical devices
 c - a wand of heal wounds (5)
 f - a wand of disintegration (9)
 u - a wand of teleportation (1)
 E - a wand of lightning (2)
Scrolls
 i - 16 scrolls of teleportation
 m - 7 scrolls of identify
 s - 7 scrolls of magic mapping
 t - 2 scrolls of fear
 v - a scroll of holy word
 x - a scroll of enchant armour
 D - a scroll of enchant weapon
 F - 5 scrolls of fog
 K - 13 scrolls of remove curse
 R - 4 scrolls of blinking
 S - 2 scrolls of summoning
Potions
 h - 7 potions of curing
 k - a potion of beneficial mutation
 n - 2 potions of invisibility
 q - a potion of cancellation
 r - 6 potions of resistance
 w - 2 potions of heal wounds
 z - 2 potions of haste
 C - a potion of brilliance
 H - 3 potions of agility
 Q - 3 potions of might
Miscellaneous
 j - a disc of storms
Comestibles
 d - 19 bread rations
 g - 19 meat rations
 l - 8 slices of pizza
 o - 25 beef jerkies
 B - 2 fruits
 G - 6 chunks of flesh
 N - 2 royal jellies


   Skills:
 - Level 13.2 Fighting
 - Level 20.1 Axes
 - Level 17.3 Armour
 - Level 2.1 Dodging
   Level 4.0 Shields
 + Level 15.9 Evocations


You had 16 spell levels left.
You didn't know any spells.

Dungeon Overview and Level Annotations

Branches:
Dungeon (15/15)            Temple (0/1) D:6            Lair (8/8) D:11
  Swamp (1/4) Lair:5       Spider (1/4) Lair:5        Slime (0/6) Lair:6
    Orc (4/4) D:11            Elf (3/3) Orc:4        Vaults (0/5) D:14
 Depths (0/5) D:15

Altars:
Ashenzari
Dithmenos
Fedhas
Makhleb
Nemelex Xobeh
Okawaru
Sif Muna
Vehumet
Yredelemnul
Zin
The Shining One
Beogh
Jiyva

Shops:
D:7 !   D:15 (   Orc:4 :(((


Innate Abilities, Weirdness & Mutations

You are resistant to damage.
You can recharge devices by infusing magical energy.
You resist negative energy.
You passively map the area around you.
You do not heal naturally.
You are weak. (Str -2)


Message History

Drink which item? (? for menu, Esc to quit)
Okay, then.
Evoke which item? (* to show all) (? for menu, Esc to quit)
Zapping:
c - a wand of heal wounds (7)
Press: ? - help, Shift-Dir - straight line, f - you You feel much better.
This wand has 6 charges left.
You feel sick.
The deep elf blademaster completely misses you.
The deep elf blademaster hits you but does no damage.
The deep elf master archer shoots an arrow.
Evoke which item? (* to show all) (? for menu, Esc to quit)
Zapping:
c - a wand of heal wounds (6)
Press: ? - help, Shift-Dir - straight line, f - you You feel much better.
This wand has 5 charges left.
You feel sick.
The deep elf blademaster barely misses you. x2
The deep elf annihilator casts a spell at you.
The bolt of lightning misses the blue devil.
The bolt of lightning hits you!
* * * LOW HITPOINT WARNING * * *
The bolt of lightning hits you!
You die... * , e * ..e# , ##...# , * , #..4.. ,* ..eee2

* ...eee#*
....e4e##*
,
,..3..3.e##
,, ,
,#)@)## , *
##)..# ,, *
* ##...## ,
*##...##
#...## ,
*#######.##
,
.........#
,
##.#####.#
, , #.#


You could see a deep elf blademaster, a balrug, 2 deep elf master archers, 3
deep elf annihilators, a deep elf sorcerer, a soul eater, an ice devil
(wandering), a deep elf demonologist, 2 deep elf high priests and 2 blue devils.

Vanquished Creatures
  Gastronok (Lair:3)
  Agnes (Elf:1)
  Kirke (D:15)
  Maud (Lair:4)
  An orc warlord (Orc:4)
  3 deep elf sorcerers (Elf:3)
  A very ugly thing (Swamp:1)
  A deep elf annihilator (Elf:3)
  The ghost of WhatIsLove the Carver, a powerful DrWr of Vehumet (D:12)
  Snorg (Lair:4)
  2 deep elf death magi
  5 vault guards (D:14)
  Josephine (Orc:3)
  A minotaur (Lab)
  A fire dragon (D:15)
  An entropy weaver (Spider:1)
  The ghost of OrbSeeker the Deadly Accurate, a powerful CeHu of Makhleb (D:11)
  Harold (Lair:4)
  An ice dragon (D:15)
  7 hydras
  2 catoblepae
  2 centaur warriors
  16 dancing weapons (Elf:2)
  An ogre mage (D:15)
  3 tengu warriors (D:13)
  8 death yaks
  8 orc high priests (Orc:4)
  10 deep elf knights
  A sun demon (Orc:4)
  3 unseen horrors
  A spriggan druid (Swamp:1)
  7 deep elf summoners
  A wolf spider zombie (D:13)
  4 hill giants
  6 ugly things
  13 deep elf conjurers
  4 manticores
  4 orc sorcerers (Orc:4)
  A griffon (D:13)
  2 orc knights (Orc:4)
  A wizard (D:14)
  An orb spider (Spider:1)
  A hornet (Lair:8)
  6 cyclopes
  7 wolf spiders
  A guardian serpent (Lair:8)
  A rust devil (Orc:4)
  6 elephants
  18 spiny frogs
  Psyche (D:11)
  12 black mambas
  A gargoyle (D:11)
  3 orange demons (Elf:2)
  3 yaktaurs
  A demonic crawler (Spider:1)
  6 komodo dragons
  A redback zombie (D:13)
  7 trolls
  8 deep elf priests
  A freezing wraith (D:14)
  8 fire drakes
  2 tengu conjurers
  9 polar bears
  5 two-headed ogres
  A blue devil (Orc:4)
  A raiju (Lair:8)
  Grinder (D:6)
  Prince Ribbit (D:9)
  8 jumping spiders
  5 ravens (D:13)
  2 boulder beetles
  2 trapdoor spiders (Lab)
  14 blink frogs
  A vampire (D:13)
  21 redbacks
  13 wyverns
  51 yaks
  4 wraiths (Orc:3)
  3 tarantellas (Spider:1)
  11 deep elf magi
  4 hogs (D:15)
  2 humans (D:8)
  2 mottled dragons
  8 basilisks
  15 hippogriffs
  5 hungry ghosts
  9 vampire mosquitoes
  25 wolves
  Menkaure (D:4)
  5 insubstantial wisps (Swamp:1)
  11 wargs
  24 deep elf fighters
  Edmund (D:4)
  A neqoxec (Orc:4)
  2 soldier ants
  5 hell hounds
  17 porcupines
  11 spiders
  23 water moccasins
  8 ice beasts
  2 phantoms
  3 sky beasts
  A necrophage (D:9)
  2 swamp drakes (Swamp:1)
  4 wasps
  14 black bears
  10 centaurs
  27 ogres
  15 crocodiles
  47 orc warriors
  A boggart (shapeshifter) (D:14)
  A big kobold (D:14)
  An elf zombie (Ossuary)
  25 giant frogs
  An earth elemental (Lab)
  6 scorpions
  3 wyvern zombies
  24 killer bees
  5 wights (D:14)
  4 crimson imps
  A lava snake (Lair:6)
  6 electric eels
  2 giant frog zombies
  4 jellies
  5 centaur zombies
  17 hounds
  4 centaur skeletons
  22 worker ants
  37 orc priests
  2 giant frog skeletons
  Natasha (thrice) (D:4)
  A quasit (D:14)
  2 hell rats
  11 iguanas
  29 orc wizards
  41 sheep
  An ogre zombie (Ossuary)
  2 hound skeletons (D:6)
  7 mummies (Ossuary)
  7 gnolls
  Robin (D:4)
  19 adders
  55 river rats
  2 worker ant zombies
  3 shadow imps
  5 ufetubi (Orc:4)
  6 adder zombies (Ossuary)
  5 worms
  5 giant geckos
  294 orcs
  A ball python (D:4)
  4 bat skeletons
  A bat zombie (D:5)
  6 giant cockroaches
  A gnoll zombie (Ossuary)
  44 goblins
  22 hobgoblins
  12 jackals
  3 quokkas
  13 bats
  A giant gecko skeleton (D:7)
  8 giant newts
  4 goblin zombies (Ossuary)
  3 hobgoblin zombies (Ossuary)
  17 kobolds
  4 kobold zombies (Ossuary)
  4 quokka zombies (Ossuary)
  14 rats
  2 rat zombies (Ossuary)
  2 crawling corpses (Elf:3)
  19 fungi
  16 plants
1554 creatures vanquished.

Vanquished Creatures (collateral kills)
  2 hydras (Lair:7)
  A spiny frog (Lair:7)
3 creatures vanquished.

Vanquished Creatures (others)
  A sun demon (Elf:3)
  An ugly thing (Lair:7)
  A fire vortex (Lair:5)
  A boulder beetle (Lair:3)
  A hell hound (Lair:7)
  A lost soul (Elf:3)
  5 fungi
  14 plants
25 creatures vanquished.

Grand Total: 1582 creatures vanquished

Notes
Turn   | Place    | Note
--------------------------------------------------------------
     0 | D:1      | HeyJoe the Deep Dwarf Berserker began the quest for the Orb.
     0 | D:1      | Reached XP level 1. HP: 20/20 MP: 1/1
   106 | D:1      | Reached skill level 4 in Axes
   106 | D:1      | Reached XP level 2. HP: 22/27 MP: 2/2
   592 | D:2      | Acquired Trog's second power
   614 | D:2      | Reached XP level 3. HP: 17/33 MP: 3/3
   683 | D:2      | Reached skill level 5 in Axes
   982 | D:2      | Reached XP level 4. HP: 30/40 MP: 4/4
  1286 | D:3      | Reached skill level 6 in Axes
  1484 | D:3      | Reached XP level 5. HP: 14/46 MP: 5/5
  1753 | D:4      | Reached skill level 7 in Axes
  1764 | D:4      | HP: 2/46 [gnoll/halberd (12)]
  1821 | D:4      | Reached XP level 6. HP: 26/55 MP: 6/6
  1895 | D:4      | Noticed Natasha
  1907 | D:4      | Killed Natasha
  1914 | D:4      | Noticed an ogre
  1921 | D:4      | Killed an ogre
  1921 | D:4      | Reached skill level 8 in Axes
  1959 | D:4      | Found a burning altar of Makhleb.
  2005 | D:4      | Noticed Natasha
  2013 | D:4      | Killed Natasha
  2046 | D:4      | Noticed Edmund
  2058 | D:4      | Killed Edmund
  2167 | D:4      | Reached XP level 7. HP: 53/61 MP: 7/7
  2175 | D:4      | Noticed Natasha
  2182 | D:4      | Killed Natasha
  2212 | D:4      | Reached skill level 9 in Axes
  2235 | D:4      | Noticed an ogre
  2238 | D:4      | Killed an ogre
  2356 | D:4      | Found a sparkling altar of Nemelex Xobeh.
  2506 | D:4      | Noticed Menkaure
  2518 | D:4      | Killed Menkaure
  2518 | D:4      | Reached skill level 10 in Axes
  2551 | D:4      | Noticed Robin
  2571 | D:4      | Killed Robin
  2701 | D:4      | Found a shattered altar of Ashenzari.
  2709 | D:4      | Found a basalt altar of Yredelemnul.
  2714 | D:4      | Found a radiant altar of Vehumet.
  2923 | D:5      | Entered Level 5 of the Dungeon
  3002 | D:5      | Reached XP level 8. HP: 20/72 MP: 8/8
  3420 | D:6      | Reached skill level 5 in Fighting
  3626 | D:6      | Found a staircase to the Ecumenical Temple.
  3694 | D:6      | Found a sand-covered staircase.
  3702 | Ossuary  | Entered an ossuary
  4513 | D:6      | Noticed Grinder
  4543 | D:6      | Killed Grinder
  4543 | D:6      | Gained mutation: You passively map the area around you. [Deep Dwarf growth]
  4543 | D:6      | Reached XP level 9. HP: 48/87 MP: 9/9
  5018 | D:7      | Found Voaho's Distillery.
  5043 | D:7      | Bought a potion of curing for 45 gold pieces
  5043 | D:7      | Bought 2 potions of curing for 90 gold pieces
  5043 | D:7      | Bought a potion of mutation for 37 gold pieces
  5043 | D:7      | Bought a potion of heal wounds for 75 gold pieces
  5043 | D:7      | Bought a potion of resistance for 150 gold pieces
  5043 | D:7      | Bought a potion of berserk rage for 75 gold pieces
  5306 | D:7      | Found a shadowy altar of Dithmenos.
  6165 | D:8      | Found an iron altar of Okawaru.
  6757 | D:9      | Reached skill level 10 in Fighting
  6896 | D:9      | Noticed Prince Ribbit
  6916 | D:9      | Killed Prince Ribbit
  6916 | D:9      | Reached skill level 5 in Armour
  6916 | D:9      | Reached XP level 10. HP: 79/101 MP: 10/10
  7243 | D:10     | Entered Level 10 of the Dungeon
  7281 | D:10     | Acquired Trog's third power
  7534 | D:10     | Noticed a hill giant
  7544 | D:10     | Killed a hill giant
  7961 | D:11     | Found a staircase to the Lair.
  7961 | D:11     | Found a portal to a secret trove of treasure.
  7961 | D:11     | Noticed Psyche
  7961 | D:11     | Noticed a purple ugly thing
  8029 | D:11     | Reached skill level 1 in Shields
  8030 | D:11     | Noticed an unseen horror
  8107 | D:11     | Noticed OrbSeeker's ghost (powerful CeHu)
  8179 | D:11     | Killed an unseen horror
  8203 | D:11     | Killed OrbSeeker's ghost
  8260 | D:11     | Reached skill level 10 in Armour
  8268 | D:11     | Killed Psyche
  8268 | D:11     | Reached XP level 11. HP: 73/108 MP: 12/12
  8435 | D:11     | Reached skill level 11 in Axes
  8475 | D:11     | Killed a purple ugly thing
  8508 | D:11     | Noticed an unseen horror
  8524 | D:11     | Killed an unseen horror
  8546 | D:11     | Got a brightly glowing scale mail
  8561 | D:11     | Identified the +6 scale mail of the Nine Cities {rN+ Int-2 Dex+4} (You found it on level 11 of the Dungeon)
  8624 | D:11     | Found a staircase to the Orcish Mines.
  8650 | D:11     | Reached skill level 12 in Axes
  8931 | Lair:1   | Entered Level 1 of the Lair of Beasts
  9262 | Lair:1   | Reached skill level 13 in Axes
  9914 | Lair:2   | Reached skill level 14 in Axes
 10135 | Lair:2   | Reached XP level 12. HP: 33/116 MP: 13/13
 10824 | Lair:3   | Reached skill level 15 in Axes
 10887 | Lair:3   | Noticed a six-headed hydra
 10892 | Lair:3   | a six-headed hydra changed into a death yak
 11134 | Lair:3   | Got a jewelled ring mail
 11179 | Lair:3   | HP: 4/174 [boulder beetle (24)]
 11422 | Lair:3   | Noticed Gastronok
 11446 | Lair:3   | Killed Gastronok
 11446 | Lair:3   | Reached skill level 16 in Axes
 11655 | Lair:3   | Identified the +4 ring mail of Claustrophobia {MP+9 Dex+3} (You found it on level 3 of the Lair of Beasts)
 11979 | Lair:4   | Found a dark tunnel.
 11985 | Volcano  | Entered a volcano
 12100 | Volcano  | Noticed a centaur warrior
 12114 | Volcano  | Killed a centaur warrior
 12121 | Volcano  | Received a gift from Trog
 12121 | Volcano  | Reached skill level 17 in Axes
 12250 | Lair:4   | Noticed Snorg
 12263 | Lair:4   | Killed Snorg
 12588 | Lair:4   | Noticed Harold
 12618 | Lair:4   | Killed Harold
 12654 | Lair:4   | Reached XP level 13. HP: 49/123 MP: 14/14
 12781 | Lair:4   | Reached skill level 18 in Axes
 12854 | Lair:4   | Noticed Maud
 12867 | Lair:4   | Killed Maud
 13792 | Lair:5   | Reached skill level 19 in Axes
 13817 | Lair:5   | Found a staircase to the Swamp.
 14019 | Lair:5   | Found a hole to the Spider Nest.
 14429 | Lair:6   | Received a gift from Trog
 14463 | Lair:6   | Found a labyrinth entrance.
 14472 | Lab      | Entered a labyrinth
 14513 | Lab      | Reached skill level 20 in Axes
 15308 | Lair:6   | Gained mutation: You resist negative energy. [Deep Dwarf growth]
 15308 | Lair:6   | Reached XP level 14. HP: 132/132 MP: 15/15
 15605 | Lair:6   | Found a viscous altar of Jiyva.
 15606 | Lair:6   | Found a staircase to the Slime Pits.
 16019 | Lair:6   | Received a gift from Trog
 16306 | Lair:7   | Received a gift from Trog
 16633 | Lair:7   | Got a fine scale mail
 16645 | Lair:7   | Identified the +0 scale mail "Miuxt" {rF++ Int+2 Dex+3 Stlth+} (You found it on level 7 of the Lair of Beasts)
 16930 | Lair:7   | Reached skill level 5 in Evocations
 17047 | Lair:8   | Entered Level 8 of the Lair of Beasts
 17248 | Lair:8   | Received a gift from Trog
 17344 | Lair:8   | Got a twisted battleaxe
 17345 | Lair:8   | Identified the +12 battleaxe "Luywk" {freeze, rF+ rN++ Int-5} (You found it on level 8 of the Lair of Beasts)
 17895 | Lair:8   | Received a gift from Trog
 18496 | Lair:8   | Reached XP level 15. HP: 117/138 MP: 21/21
 18924 | Orc:1    | Entered Level 1 of the Orcish Mines
 18955 | Orc:1    | Received a gift from Trog
 19884 | Orc:3    | Noticed Josephine
 19913 | Orc:3    | Killed Josephine
 20009 | Orc:3    | Found a roughly hewn altar of Beogh.
 20763 | Orc:4    | Entered Level 4 of the Orcish Mines
 20810 | Orc:4    | Received a gift from Trog
 20936 | Orc:4    | Reached skill level 10 in Evocations
 21294 | Orc:4    | Received a gift from Trog
 21434 | Orc:4    | Identified a scroll of acquirement
 21628 | Orc:4    | Found Daplad's Weapon Emporium.
 21652 | Orc:4    | Found Osiwnuphav's Weapon Shoppe.
 21707 | Orc:4    | Found a roughly hewn altar of Beogh.
 22031 | Orc:4    | Received a gift from Trog
 22108 | Orc:4    | Found a roughly hewn altar of Beogh.
 22290 | Orc:4    | Found Weafue's Book Emporium.
 22327 | Orc:4    | Found Nebluamu's Weapon Shoppe.
 22401 | Orc:4    | Reached skill level 15 in Armour
 22566 | Orc:4    | Found a staircase to the Elven Halls.
 22603 | Orc:4    | Received a gift from Trog
 23006 | D:12     | Found a deep blue altar of Sif Muna.
 23008 | D:12     | Noticed WhatIsLove's ghost (powerful DrWr)
 23066 | D:12     | Killed WhatIsLove's ghost
 23864 | D:13     | Received a gift from Trog
 24382 | D:11     | You paid a toll of 2 potions of cure mutation to enter a treasure trove
 24383 | Trove    | Entered a treasure trove
 24393 | Trove    | Got a glittering ivory ring
 24406 | Trove    | Got a fine crystal amulet
 24412 | Trove    | Got an encrusted chain mail
 24424 | Trove    | Identified the amulet of Fixzig {Stasis rF- Int+5} (You found it in a treasure trove)
 24430 | Trove    | Identified the ring of Zyett {+Inv +Fly rC+ AC+4 Dex-5} (You found it in a treasure trove)
 24432 | Trove    | Got a crude chain mail
 24434 | Trove    | Identified the +6 chain mail of Salvation {Dex+4 Stlth+} (You found it in a treasure trove)
 24435 | Trove    | Identified the +0 chain mail of Fourgha {*Corrode rC+++ Str+6} (You found it in a treasure trove)
 24603 | D:13     | Found a glowing silver altar of Zin.
 25168 | D:14     | Received a gift from Trog
 25205 | D:14     | Reached XP level 16. HP: 140/152 MP: 23/23
 25228 | D:14     | Found a gate to the Vaults.
 25469 | D:14     | Found a glowing golden altar of the Shining One.
 25648 | D:14     | Found a glowing silver altar of Zin.
 25725 | D:14     | Found a blossoming altar of Fedhas.
 26038 | D:15     | Entered Level 15 of the Dungeon
 26038 | D:15     | Found Ygonegg's Weapon Shop.
 26038 | D:15     | Noticed Kirke
 26061 | D:15     | Killed Kirke
 26901 | D:15     | Found a staircase to the Depths.
 27283 | Spider:1 | Entered Level 1 of the Spider Nest
 27310 | Spider:1 | Received a gift from Trog
 27997 | Swamp:1  | Entered Level 1 of the Swamp
 28417 | Elf:1    | Entered Level 1 of the Elven Halls
 28433 | Elf:1    | Noticed Agnes
 28440 | Elf:1    | Killed Agnes
 28724 | Elf:1    | Received a gift from Trog
 28725 | Elf:1    | Got a jewelled broad axe {god gift}
 28726 | Elf:1    | Identified the +9 broad axe of Certain Death {drain, Int+3} (Trog gifted it to you on level 1 of the Elven Halls)
 29047 | Elf:1    | Found a deep blue altar of Sif Muna.
 29714 | Elf:2    | Received a gift from Trog
 29909 | Elf:2    | Found a runed gate.
 29909 | Elf:2    | Found a runed gate.
 29909 | Elf:2    | Found a runed gate.
 29932 | Elf:2    | Reached XP level 17. HP: 32/164 MP: 24/26
 30503 | Elf:3    | Entered Level 3 of the Elven Halls
 30571 | Elf:3    | Reached skill level 15 in Evocations
 30708 | Elf:3    | Noticed a Brimstone Fiend
 30708 | Elf:3    | Gained mutation: You are weak. (Str -2) [mutagenic glow]
 30717 | Elf:3    | HP: 8/164 [deep elf annihilator/poison arrow (48)]
 30719 | Elf:3    | Killed from afar by a deep elf annihilator

Vault maps used:
D:1:      dpeg_arrival_shrine, serial_forest, infiniplex_forest_straight_1,
          infiniplex_forest_straight_1, infiniplex_forest_straight_4,
          infiniplex_forest_clump_cross
D:3:      first_bread
D:4:      lightli_temple_of_fire, lemuel_crystal_altar,
          minmay_overflow_temple_star_quad, portal_sewer_entry_e, uniq_natasha,
          uniq_menkaure, uniq_edmund, uniq_robin
D:5:      serial_curves, eino_curves_02, eino_curves_03
D:6:      temple_hall, lightli_ossuary_entry_decrepit_ruins, uniq_grinder
D:7:      nicolae_dithmenos_through_a_glass_darkly, serial_shops, shop
D:8:      okawaru_humans
D:9:      uniq_prince_ribbit1
D:11:     minmay_twisted_water, lair_0_dummy, orc_0_dummy, enter_trove_1,
          uniq_psyche
D:12:     lemuel_ice_spiral_2, basic_altar
D:13:     basic_altar, hangedman_pestilent_swarm
D:14:     grunt_vaults_entry_fortified, nicolae_tso_carved_into_rock,
          basic_altar, fedhas_bush_and_centaur_altar
D:15:     grunt_enter_depths_hoard, serial_shops, shop, minmay_crystal_room,
          uniq_kirke
Lair:1:   wad_woods_06, infiniplex_staircase_pool_2, lemuel_fruit_fields,
          grunt_megastairs_3
Lair:2:   beast_lair_carwin_9
Lair:3:   boulder_dual_corridor_run, uniq_gastronok
Lair:4:   enter_volcano_3, lemuel_fruit_tree, grunt_megastairs_1,
          infiniplex_staircase_pool, serial_bayou_shore_a, uniq_snorg,
          uniq_maud, uniq_harold
Lair:5:   swamp_mist, spider_nest_entry_funnel_web, wad_woods_river_01
Lair:6:   beast_lair_carwin_large_1, slime_altar_1, lab_entry_generic,
          special_room
Lair:7:   lemuel_fruit_fields, grunt_megastairs_5
Lair:8:   hangedman_lair_caniforms_friends, hangedman_lair_tendril_chambers,
          eino_small_chamber_without_monster
Swamp:1:  evilmike_swamp_ruin_house_2, swamp_pool1, uniq_donald
Spider:1: nicolae_spider_nook, hangedman_spider_tarantella_strand
Orc:3:    nicolae_orc_pool_cavern, mines1_david, uniq_josephine
Orc:4:    pubby_orc_utopia
Elf:1:    elf_arrival_001, minmay_elf_crystal_hexagon, lemuel_blue_sif_altar,
          uniq_agnes
Elf:2:    einodemon_barbed_minivault
Elf:3:    grunt_elf_hall_asides, spider_trap
Lab:      nicolae_lab_quarters, nicolae_lab_arrow, nicolae_lab_starburst,
          nicolae_lab_big_swirl, nicolae_lab_t_cross, lab_statue,
          nicolae_lab_grate_2
Trove:    trove_simple
Ossuary:  ossuary_boxes_badplayer
Volcano:  volcano_pools

Action                   |  1- 3 |  4- 6 |  7- 9 | 10-12 | 13-15 | 16-18 || total
-------------------------+-------+-------+-------+-------+-------+-------++-------
Melee: Hand axe          |    90 |   133 |   563 |   402 |       |       ||  1188
       War axe           |       |       |       |   713 |  2579 |   491 ||  3783
       Battleaxe         |       |       |       |       |   121 |   266 ||   387
Invok: Trog's Hand       |     1 |     6 |    24 |    31 |     2 |    14 ||    78
       Berserk           |       |     2 |     6 |     8 |    11 |     4 ||    31
       Burn Spellbooks   |       |       |       |     3 |     3 |     2 ||     8
 Abil: Evoke Invisibilit |       |       |       |       |       |     6 ||     6
Evoke: Wand              |       |       |       |    22 |    15 |    18 ||    55
       Deck              |       |       |       |       |     4 |       ||     4
       Disc of storms    |       |       |       |       |       |     3 ||     3
  Use: Scroll            |       |       |    24 |     6 |    23 |     4 ||    57
       Potion            |       |       |     1 |     1 |     8 |     6 ||    16
 Stab: Distracted        |       |     1 |       |       |     1 |       ||     2
       Invisible         |       |       |       |       |    36 |    16 ||    52
       Petrified         |       |       |       |       |     7 |       ||     7
       Petrifying        |       |       |       |       |     2 |       ||     2
       Fleeing           |       |       |       |       |     2 |       ||     2
       Confused          |       |       |       |       |     3 |       ||     3
  Eat: Chunk             |       |     7 |    21 |    30 |    51 |    11 ||   120
       Fruit             |       |       |     3 |     9 |    24 |     3 ||    39
       Royal jelly       |       |       |     1 |       |     2 |     7 ||    10
       Beef jerky        |       |       |       |       |     2 |       ||     2
       Pizza             |       |       |       |       |     2 |       ||     2
